[Event "Open Mancomunitat de la Ribera Alta (Sumacàrcer)"]
[Site "Sumacàrcer, Spain"]
[Date "2018.11.18"]
[Round "4.5"]
[White "Montalban Galvez, Antoni"]
[Black "Granero Roca, Antonio"]
[Result "0-1"]
[TimeControl "5m+3s"]
[WhiteElo "2172"]
[BlackElo "2372"]

1. d4 Nf6 2. Nf3 g6 3. g3 Bg7 4.
Bg2 O-O 5. O-O c5 6. c4 cxd4 7. Nxd4 Nc6 8. Nc3 d6 9. Nxc6 bxc6 10. Bxc6 Rb8 11. Bg2 Qa5 12. Nb5 a6 13. Bd2 Qd8 14. Nd4 Bb7 15. Bxb7 Rxb7 16. Qc2 Qd7 17. Rad1 Rc8 18. b3 Qh3 19. Nf3 d5 20. Bg5 dxc4 21.
Bxf6 Bxf6 22. bxc4 Rb2 23. Qe4 Rxa2 24. Rd2 Rxd2 25. Nxd2 Qd7 26. Qd3 Qe6 27. Rc1 a5 28. c5 a4 29. Ne4 {Bandera} 0-1

[Event "Open Mancomunitat de la Ribera Alta (Sumacàrcer)"]
[Site "Sumacàrcer, Spain"]
[Date "2018.11.18"]
[Round "4.6"]
[White "Cruz Lledo, Pablo"]
[Black "Gimenez Saiz, Jose Raul"]
[Result "1-0"]
[TimeControl "5m+3s"]
[WhiteElo "2335"]
[BlackElo "1920"]

1. Nf3 Nf6 2. b3 g6 3. Bb2 Bg7 4. g3 O-O 5. Bg2 d6 6. d4 c6 7. O-O Ne4 8.
Nbd2 f5 9. c4 Nd7 10. Qc2 Nxd2 11. Nxd2 e5 12. dxe5 dxe5 13. e4 f4 14. c5 Qe7 15. b4 Nf6 16. Nc4 Ne8 17. Rfd1 f3 18. Bf1 h5 19.
Rd3 h4 20. Qb3 Be6 21. Rxf3 Rxf3 22. Qxf3 Rd8 23. Bxe5 Bxe5 24. Nxe5 Kg7 25. Rd1 Nf6 26. Re1 Bxa2 27. Nc4 Bxc4 28. Bxc4 Rd4 29. Bd3 Rxb4 30.
e5 Ng4 31. e6 h3 32. Bf1 Qxc5 33. e7 {Bandera} 1-0

[Event "Open Mancomunitat de la Ribera Alta (Sumacàrcer)"]
[Site "Sumacàrcer, Spain"]
[Date "2018.11.18"]
[Round "4.7"]
[White "Galvan, Jesus"]
[Black "Rosello Huet, Miguel Angel"]
[Result "1-0"]
[TimeControl "5m+3s"]
[WhiteElo "2254"]
[BlackElo "1863"]

1. c4 e6 2. Nf3 d5 3. b3 Nf6 4.
g3 c6 5. Bg2 Be7 6. O-O O-O 7. Bb2 b6 8. d3 Bb7 9. Nbd2 Na6 10. e4 dxe4 11. dxe4 Nc5 12. Qe2 Qd3 13. Qxd3 Nxd3 14. Bc3 Rad8 15. Rfd1 Bc5 16. Rf1 Ng4 17. h3 Ngxf2 18. Kh2 Rd7 19. b4 Be3 20. Nb3 Nxe4 21. Ne5 Nxe5 22. Bxe5 Nd2 23. Rfd1 Rfd8 24. c5 Nxb3 25. Rxd7 Rxd7 26. axb3 Bc8 27. Bd6 bxc5 28. bxc5 Rb7 29.
Bxc6 Rxb3 30. Rxa7 Rb2+ 31. Kh1 Rb1+ 32. Kg2 f5 33.
Ra8 Kf7 34. Rxc8 Rc1 35. Ba4 Kf6 36. c6 Bb6 37. Rb8 Ba5 38. Ra8 Bb6 39. Rb8 Ba5 40. h4 e5 41.
Re8 e4 42. Be5+ Kf7 43. Ra8 Bb6 44. Rb8 Ba5 45. Rb7+ Ke6 46. Bxg7 Rxc6 47. Bxc6 Kd6 48. Ba4 e3 49. Kf3 Bd2 50. Ke2 Kc5 51. Rf7 Kb4 52. Bd7 Kc5 53. Bxf5 Kd5 54. Bxh7 Ke6 55. Rf3 1-0

[Event "Open Mancomunitat de la Ribera Alta (Sumacàrcer)"]
[Site "Sumacàrcer, Spain"]
[Date "2018.11.18"]
[Round "5.2"]
[White "Plaskett, H James"]
[Black "Cruz Lledo, Pablo"]
[Result "1-0"]
[TimeControl "5m+3s"]
[WhiteElo "2490"]
[BlackElo "2335"]

1. c4 e6 2. Nc3 d5 3. d4 Bb4 4. Nf3 Ne7 5. e3 O-O 6. Bd3 f5 7. O-O c6 8. Bd2 Ba5 9.
Ne5 Nd7 10. f4 Nf6 11. Qe2 Bd7 12. a3 Be8 13.
b4 Bc7 14. b5 Ne4 15.
bxc6 bxc6 16. Bxe4 fxe4 17. Na4 Ng6 18. Nc5 Qe7 19. Bb4 a5 20. Nxg6 Bxg6 21. Bc3 e5 22. fxe5 Bxe5 23. cxd5 cxd5 24. Qb5 Bc7 25.
Qc6 Qg5 26. Bd2 Rfc8 27. Qe6+ Kh8 28. Qh3 Bd6 29. Ne6 Qe7 30. a4 Rc2 31. Rad1 Bb4 32.
Nf4 Bf7 33. Bc1 Rac8 34. Qf5 Rd8 35. Qg4 Rc6 36. Bd2 Rc2 37. Be1 Rc6 38. Bh4 Rf6 39.
Bxf6 gxf6 40. Qf5 Rg8 41. Kh1 Rg5 42. Qc8+ Kg7 43. Rc1 Bd6 44. Qh3 Kg8 45. Rc8+ Kg7 46. Rc2 Kg8 47. Rcf2 Qc7 48. Ne2 Be7 49. Ng3 Be8 50. Nf5 Bf8 51. Qh4 Qf7 52. Nh6+ Bxh6 53. Qxh6 Rg6 54. Qh4 Bxa4 55. Rxf6 Rxf6 56. Qxf6 Qxf6 57. Rxf6 Bb3 58. Ra6 a4 59. Ra7 h5 60. g3 Kf8 61. Kg2 Ke8 62. Kf2 Kd8 63. Ke1 Kc8 64. Kd2 Kb8 65. Ra5 Kc7 66.
Rb5 Kc6 67. Rb4 Kc7 68. h3 Kc6 69. Rxb3 axb3 70. Kc3 Kb6 71. Kxb3 Kb5 72. g4 hxg4 73. hxg4 Kc6 74. Kb4 Kb6 75.
g5 Kc6 76. g6 1-0

[Event "Open Mancomunitat de la Ribera Alta (Sumacàrcer)"]
[Site "Sumacàrcer, Spain"]
[Date "2018.11.18"]
[Round "5.3"]
[White "Campos Gambuti, Luis Maria"]
[Black "Toledano Llinares, Juan A."]
[Result "0-1"]
[TimeControl "5m+3s"]
[WhiteElo "2432"]
[BlackElo "2258"]

1. d4 d6 2. Nf3 Nf6 3. g3 Nbd7 4. Bg2 c6 5. O-O e5 6. dxe5 dxe5 7. b3 Qc7 8. Bb2 Bc5 9. Nh4 O-O 10. Nd2 Rd8 11. e4 Nf8 12. Qe2 Bg4 13. Nhf3 Ne6 14. h3 Nd4 15. Bxd4 Bxf3 16. Nxf3 Bxd4 17. Nxd4 Rxd4 18. c3 Rd6 19. Rfd1 Rad8 20. Kf1 Qd7 21. Ke1 Rd3 22. Rxd3 Qxd3 23. Qxd3 Rxd3 24. Rc1 Kf8 25. Ke2 Rd6 26. Ke3 Ke7 27.
b4 Nd7 28. Bf1 a6 29. a4 c5 30.
a5 Kd8 31. Bc4 f6 32. Bd5 Kc7 33. h4 g6 34. h5 f5 35. hxg6 hxg6 36. Rb1 cxb4 37. cxb4 Nf6 38. Rc1+ Kb8 39. Bf7 Nxe4 40. Rh1 Ng5 41. Bc4 Ne6 42. Rh8+ Ka7 43. Rh6 Nd4 44.
Bf7 f4+ 45. gxf4 Nf5+ 0-1

[Event "Open Mancomunitat de la Ribera Alta (Sumacàrcer)"]
[Site "Sumacàrcer, Spain"]
[Date "2018.11.18"]
[Round "5.4"]
[White "Pena Riasco, Alexander"]
[Black "Kovacevic, Slobodan"]
[Result "1-0"]
[TimeControl "5m+3s"]
[WhiteElo "2039"]
[BlackElo "2455"]

1. d4 Nf6 2. Bf4 e6 3. e3 c5 4.
c3 Be7 5. Nd2 O-O 6. Bd3 b6 7.
h3 Bb7 8. Ngf3 a6 9. O-O d6 10. Qe2 Nbd7 11. Bh2 Qc7 12. Rad1 b5 13. Rfe1 Rfe8 14. e4 c4 15. Bb1 e5 16. Nf1 Bf8 17. d5 g6 18. Ng3 Nc5 19. Bc2 Bh6 20. Kh1 a5 21. Nf1 Ba6 22. a3 Reb8 23. Nxe5 dxe5 24. d6 Qd8 25. Bxe5 Nfd7 26. Bd4 Ne6 27. e5 Bb7 28. Be4 Qh4 29. Bxb7 Rxb7 30. Ng3 Re8 31. Qf3 Rbb8 32. Re4 Qd8 33.
Qg4 Bg7 34. f4 Ndc5 35. Re2 Nd3 36.
f5 Nef4 37. f6 Nxe2 38. Qxe2 Bxf6 39. Qg4 Bxe5 40. Ne4 f5 41. Qf3 Bxd4 42. cxd4 Ra8 1-0

[Event "Open Mancomunitat de la Ribera Alta (Sumacàrcer)"]
[Site "Sumacàrcer, Spain"]
[Date "2018.11.18"]
[Round "5.5"]
[White "Granero Roca, Antonio"]
[Black "Pedros Viudes, Santiago"]
[Result "1-0"]
[TimeControl "5m+3s"]
[WhiteElo "2372"]
[BlackElo "2009"]

1. d4 Nf6 2. c4 e5 3. dxe5 Ne4 4. Nf3 Nc6 5. e3 Bb4+ 6. Bd2 Nxd2 7. Nbxd2 Qe7 8. a3 Bxd2+ 9. Qxd2 Nxe5 10. Be2 O-O 11. O-O d6 12. Rac1 Bg4 13. Nxe5 Bxe2 14. Qxe2 dxe5 15. h3 Rfd8 16. Rfd1 h6 17. Qg4 c6 18. Qf5 f6 19. b4 Rxd1+ 20. Rxd1 Rd8 21. Rxd8+ Qxd8 22. h4 Kf7 23. h5 Qe7 24. Qc8 g6 25. Qh8 gxh5 26. Qxh6 Ke6 27. Qxh5 a5 28. Qg4+ Kd6 29. c5+ Kc7 30. Qc4 axb4 31. axb4 Qh7 32. g3 b6 33. cxb6+ Kxb6 34. Kg2 Qf5 35. e4 Qd7 36. Qc5+ Kb7 37. Kf3 Qd3+ 38. Qe3 Qd6 39. Qc3 Kb6 40. Qc4 Qd1+ 41. Kg2 Qd6 42. Kh3 Qd7+ 43. Kh4 Qh7+ 44. Kg4 Qg6+ 45. Kf3 Qh5+ 46. Kg2 Qg6 47. f3 Qg5 48. Qc5+ Kb7 49. Qc3 Kb6 50. Kf2 Qh5 51. Kg2 Qg5 52. Qc2 Qg6 53.
Qc5+ Kb7 54. b5 cxb5 55. Qxb5+ Kc7 56. Qc5+ Kd7 57. Qd5+ Ke7 58. Qd2 Qf7 59. Qb4+ Kd8 60. Qb8+ Kd7 61. Qb7+ Ke6 62. Qxf7+ Kxf7 63. Kh3 Kg6 64. Kg4 1-0

[Event "Open Mancomunitat de la Ribera Alta (Sumacàrcer)"]
[Site "Sumacàrcer, Spain"]
[Date "2018.11.18"]
[Round "5.6"]
[White "Barbero Verdu, Francisco"]
[Black "Galvan, Jesus"]
[Result "0-1"]
[TimeControl "5m+3s"]
[WhiteElo "2043"]
[BlackElo "2254"]

1. c4 e5 2. Nc3 Nc6 3. g3 Bc5 4. Bg2 a6 5. e3 d6 6. Nge2 Ba7 7. O-O h5 8. h4 g5 9. hxg5 h4 10. d4 hxg3 11. Nxg3 Qxg5 12. d5 Qh4 13. Re1 Nce7 14. e4 Qxg3 15. Be3 Qh2+ 16. Kf1 Bh3 17. Qf3 Qh1+ 0-1

[Event "Open Mancomunitat de la Ribera Alta (Sumacàrcer)"]
[Site "Sumacàrcer, Spain"]
[Date "2018.11.18"]
[Round "5.7"]
[White "Cortes Marti, Javier"]
[Black "Gavarrete, Nahun"]
[Result "0-1"]
[TimeControl "5m+3s"]
[WhiteElo "2027"]
[BlackElo "2200"]

1. d4 c5 2. d5 Nf6 3. c4 d6 4. Nc3 g6 5. e4 Bg7 6. f3 O-O 7. Be3 e6 8. Bd3 exd5 9. cxd5 a6 10.
a4 Re8 11. Nge2 Nbd7 12. O-O Rb8 13. a5 b5 14. axb6 Rxb6 15. Qd2 Ne5 16. Rfb1 Nfd7 17. Bf2 Nxd3 18. Qxd3 Ne5 19. Qc2 f5 20. Ra4 Bd7 21. Ra2 fxe4 22. Nxe4 Bb5 23. Nc1 Qa8 24. b4 Qxd5 25. bxc5 dxc5 26. Nxc5 Rc6 27. N1b3 Bd3 28. Qd2 Bh6 29. Qd1 Rd8 30.
Nxd3 Nxd3 31. Qe2 Nxf2 32. Kxf2 Rc3 33.
Na1 Be3+ 34. Kf1 Rdc8 35. Rc2 a5 36. Rxc3 Rxc3 37. Nc2 Bg5 38. Rb8+ Kg7 39. Rb5 Qd8 40. Rb7+ Kh6 41. Rb2 a4 42. g3 Qc8 43. Kg2 a3 44. Ra2 Qc7 45. Nd4 Re3 46. Qf2 Qe5 47. Nc6 Qe6 48. Nd4 Qc4 49. Rd2 a2 50. h4 a1=Q 51. hxg5+ Kg7 52. Qxe3 Qcf1+ 53. Kh2 Qh1# 0-1

[Event "Open Mancomunitat de la Ribera Alta (Sumacàrcer)"]
[Site "Sumacàrcer, Spain"]
[Date "2018.11.18"]
[Round "6.1"]
[White "Torres Sanchez, Jose"]
[Black "Plaskett, H James"]
[Result "1-0"]
[TimeControl "5m+3s"]
[WhiteElo "2183"]
[BlackElo "2490"]

1. e4 c5 2. Nf3 Nc6 3. d4 cxd4 4. Nxd4 e6 5. Nc3 Qc7 6. g3 d6 7. Bg2 Bd7 8. O-O a6 9. Re1 Be7 10. a4 Nf6 11. Nb3 b6 12. Be3 O-O 13. h3 Ne5 14.
a5 b5 15. Bb6 Qb8 16. Nd2 Bc6 17. f4 b4 18. fxe5 bxc3 19. exf6 cxd2 20. Qxd2 gxf6 21. c4 Kh8 22. Bd4 Rg8 23. Ra3 Rg6 24. e5 dxe5 25. Bxc6 Bxa3 26. Bf2 Bb4 27. Qe2 Bxe1 28.
Qxe1 Qc8 29. Be4 Qxc4 30. Bxa8 Qb3 31. Qd2 Kg7 32. Kg2 h5 33. Be4 f5 34. Bf3 e4 35. Bxh5 e3 36. Bxe3 Rf6 37. Bd4 Qd5+ 38. Kh2 Kh7 39. Qe3 Rh6 40. Bf3 Qd8 41. Qe5 Rg6 42. Bh5 f6 43. Bxg6+ Kxg6 44. Qc5 e5 45.
Bf2 Qd2 46. Qb6 f4 47. gxf4 Qxf4+ 48. Kg1 Qc1+ 49. Kg2 Qc2 50. h4 Qe4+ 51. Kg1 Qg4+ 52. Kf1 Qf3 53.
Qe3 Qh1+ 54. Ke2 Qd5 55. Qd3+ Qxd3+ 56. Kxd3 f5 57. b4 1-0

[Event "Open Mancomunitat de la Ribera Alta (Sumacàrcer)"]
[Site "Sumacàrcer, Spain"]
[Date "2018.11.18"]
[Round "6.2"]
[White "Toledano Llinares, Juan A."]
[Black "Ibanez Aullana, Ramon"]
[Result "1-0"]
[TimeControl "5m+3s"]
[WhiteElo "2258"]
[BlackElo "2282"]

1. f4 d5 2. Nf3 g6 3. e3 Bg7 4. d4 Nf6 5.
c4 e6 6.
Nc3 O-O 7. b3 c5 8. Bb2 Nc6 9. Be2 Ng4 10.
Qd2 Nxe3 11. Qxe3 cxd4 12. Qd2 dxc3 13. Bxc3 dxc4 14. Bxg7 Qxd2+ 15. Nxd2 Kxg7 16. Nxc4 b5 17. Nd6 Nd4 18. Rd1 Nxe2 19. Kxe2 e5 20.
Kf3 exf4 21. Kxf4 Bd7 22. Rhe1 Bc6 23. Rc1 Bxg2 24. Re7 Rad8 25. Ke5 Kg8 26. Rcc7 a6 27. Nxf7 Rde8 28. Nd6 Rxe7+ 29. Rxe7 Rf5+ 30. Nxf5 gxf5 31. Kxf5 Kf8 32. Rxh7 b4 33. Kf6 Ke8 34.
Ra7 Bf1 35. Ke6 Kf8 36. h4 Kg8 37. h5 Be2 38. h6 Bd3 39. Kf6 Kh8 40. Rb7 Bb5 41. h7 1-0

[Event "Open Mancomunitat de la Ribera Alta (Sumacàrcer)"]
[Site "Sumacàrcer, Spain"]
[Date "2018.11.18"]
[Round "6.3"]
[White "Kovacevic, Slobodan"]
[Black "Gavarrete, Nahun"]
[Result "1-0"]
[TimeControl "5m+3s"]
[WhiteElo "2455"]
[BlackElo "2200"]

1. d4 c5 2. d5 d6 3. Nc3 Nf6 4. e4 g6 5. Nf3 Bg7 6. Bb5+ Nfd7 7. a4 O-O 8. O-O Na6 9. Re1 Nc7 10. Bf1 a6 11. a5 Rb8 12. Bf4 b5 13. axb6 Rxb6 14. Ra2 Bb7 15. Na4 Rb5 16. c4 Rb4 17. Bd2 Re8 18.
Bxb4 cxb4 19. Qd2 a5 20. b3 Na6 21. Bd3 Nac5 22. Nxc5 Nxc5 23. Bc2 Bc3 24. Qd1 Bxe1 25. Qxe1 e6 26. Qb1 Qb6 27.
Nd2 exd5 28. cxd5 Ba6 29. Qa1 Bd3 30. Bxd3 Nxd3 31. Nc4 Qc7 32. Qd4 Nc5 33. Nd2 Ra8 34. g3 Ra7 35. Rc2 a4 36. Qxb4 Rb7 37. Qc4 axb3 38. Nxb3 Qe7 39. Nxc5 dxc5 40. f3 Rb1+ 41. Kg2 Qa7 42. Qxc5 Qa1 43. Qc8+ Kg7 44. Qc3+ Qxc3 45. Rxc3 Rb2+ 46. Kh3 h5 47. Rd3 g5 48. d6 Kg6 49. d7 1-0

[Event "Open Mancomunitat de la Ribera Alta (Sumacàrcer)"]
[Site "Sumacàrcer, Spain"]
[Date "2018.11.18"]
[Round "6.4"]
[White "Granero Roca, Antonio"]
[Black "Minguez Piquer, Joaquim"]
[Result "1-0"]
[TimeControl "5m+3s"]
[WhiteElo "2372"]
[BlackElo "1786"]

1. d4 d5 2. c4 e6 3. Nf3 Nf6 4. g3 g6 5. Bg2 Bg7 6. O-O O-O 7. Nc3 c6 8. Bf4 dxc4 9. Ne5 Nbd7 10. Nxc4 Nb6 11. Ne5 Nfd5 12. Bd2 Bxe5 13.
dxe5 Nc4 14. e4 Nxb2 15. Qb3 Nxc3 16.
Bxc3 Nd3 17. Rfd1 Kg7 18. Qc4 1-0

[Event "Open Mancomunitat de la Ribera Alta (Sumacàrcer)"]
[Site "Sumacàrcer, Spain"]
[Date "2018.11.18"]
[Round "6.5"]
[White "Galvan, Jesus"]
[Black "Serarols Mabras, Bernat"]
[Result "0-1"]
[TimeControl "5m+3s"]
[WhiteElo "2254"]
[BlackElo "2191"]

1. d4 Nf6 2. c4 e6 3. Nc3 Bb4 4. f3 d5 5. a3 Be7 6. e4 dxe4 7. fxe4 e5 8. d5 Bc5 9. Nf3 Bg4 10. Bd3 Nbd7 11. h3 Bxf3 12. Qxf3 O-O 13. Bd2 a5 14. g4 Ne8 15. O-O-O Nd6 16. Rdf1 c6 17. g5 Rc8 18. Kb1 cxd5 19. Nxd5 Bd4 20. Qe2 Nc5 21. Rc1 Nb3 22. Rc2 b5 23. cxb5 Rxc2 24. Bxc2 Nxd2+ 25. Qxd2 Nxb5 26. Ka2 Nd6 27. Bb3 a4 28.
Bc2 Bxb2 29. Bd3 Bd4 30. Rb1 Kh8 31. h4 Qd7 32. h5 Rc8 33. g6 fxg6 34.
hxg6 h6 35. Rh1 Qe6 36. Rxh6+ Kg8 37. Rh8+ Kxh8 0-1

[Event "Open Mancomunitat de la Ribera Alta (Sumacàrcer)"]
[Site "Sumacàrcer, Spain"]
[Date "2018.11.18"]
[Round "6.6"]
[White "Garcia Amoros, Pablo"]
[Black "Garcia Vasquez, Jhoel"]
[Result "0-1"]
[TimeControl "5m+3s"]
[WhiteElo "2088"]
[BlackElo "2298"]

1. e4 c5 2. Nf3 d6 3.
Bb5+ Nc6 4. O-O g6 5. Qe2 Bg7 6. h3 e5 7. c3 Nge7 8. Rd1 a6 9. Ba4 b5 10.
Bc2 Bb7 11. a4 b4 12. d3 O-O 13.
Nbd2 d5 14. exd5 Nxd5 15. Ne4 bxc3 16. Nxc5 Bc8 17. Bb3 Rb8 18. Rb1 Qe7 19. d4 exd4 20. Qxe7 Ndxe7 21. bxc3 Bf5 0-1

[Event "Open Mancomunitat de la Ribera Alta (Sumacàrcer)"]
[Site "Sumacàrcer, Spain"]
[Date "2018.11.18"]
[Round "6.7"]
[White "Montalban Galvez, Antoni"]
[Black "Barbero Verdu, Francisco"]
[Result "1-0"]
[TimeControl "5m+3s"]
[WhiteElo "2172"]
[BlackElo "2043"]

1. c4 e5 2. Nc3 Nc6 3. e3 g6 4. d4 exd4 5. exd4 Bg7 6. d5 Nb8 7. Nf3 d6 8. h3 Nf6 9. Be2 O-O 10.
O-O h6 11. Be3 Nbd7 12. Bd4 Re8 13. Qd2 Ne5 14. Nxe5 dxe5 15. Be3 Kh7 16. Rad1 a6 17. c5 Qe7 18. Bc4 Rd8 19. Rfe1 Qf8 20. b4 Bd7 21.
f4 Nh5 22. fxe5 Bxe5 23. Bd4 Bf4 24.
Be3 Be5 25. Bd4 Bf4 26. Qd3 Bf5 27.
Qf3 Bg3 28. Re2 Re8 29. Rf1 Rxe2 30. Nxe2 b5 31. Bb3 a5 32. Nxg3 Nxg3 33. Qxg3 a4 34.
Bd1 Re8 35. Bg4 Be4 36. Qxc7 Re7 37. Qd6 f5 38. Bf6 Rf7 39. Qxf8 Rxf8 40. Bc3 Bxd5 41. Bf3 Bc4 42. Re1 g5 43.
Re7+ Kg6 44. Rg7# 1-0

[Event "Open Mancomunitat de la Ribera Alta (Sumacàrcer)"]
[Site "Sumacàrcer, Spain"]
[Date "2018.11.18"]
[Round "7.1"]
[White "Torres Sanchez, Jose"]
[Black "Toledano Llinares, Juan A."]
[Result "0-1"]
[TimeControl "5m+3s"]
[WhiteElo "2183"]
[BlackElo "2258"]

1. e4 c5 2. Nf3 Nc6 3. Bb5 g6 4. O-O Bg7 5. Re1 Nd4 6. Bc4 d6 7. c3 Nxf3+ 8. Qxf3 Nf6 9. d4 O-O 10. e5 dxe5 11. dxe5 Ne8 12. Bf4 Nc7 13. Nd2 Be6 14. Rad1 Qc8 15. Bg5 Re8 16. Qg3 b5 17. Bd3 Qb7 18. Qh4 Bf8 19. Ne4 c4 20. Bc2 Bd5 21. Bh6 Ne6 22. Bxf8 Nxf8 23. Qh6 Qc6 24. Re3 Rad8 25. Rd4 Bxe4 26.
Bxe4 Qe6 27. f4 Rxd4 28. cxd4 Rd8 29. d5 Qb6 30. Kf2 Qd4 31. Kf3 Qxb2 32. f5 Qxe5 33. fxg6 Qf6+ 34. Ke2 Nxg6 35. h4 Nf4+ 0-1

[Event "Open Mancomunitat de la Ribera Alta (Sumacàrcer)"]
[Site "Sumacàrcer, Spain"]
[Date "2018.11.18"]
[Round "7.2"]
[White "Serarols Mabras, Bernat"]
[Black "Kovacevic, Slobodan"]
[Result "1-0"]
[TimeControl "5m+3s"]
[WhiteElo "2191"]
[BlackElo "2455"]

1. d4 Nf6 2. c4 e6 3. Nc3 c5 4. d5 exd5 5. cxd5 d6 6. e4 g6 7. Bd3 Bg7 8. h3 a6 9. a4 Nbd7 10. Nf3 Nh5 11. Bg5 Bf6 12. Be3 O-O 13. O-O Rb8 14. Re1 Qe7 15. Nd2 Bg5 16.
Bf1 Re8 17. a5 Bf6 18. Be2 Ng7 19. Nc4 Ne5 20. Nb6 g5 21. Rb1 Bd7 22. Qc2 Ng6 23. Bf1 Ne5 24. Be2 h5 25. Nxd7 Qxd7 26. Na4 Qe7 27. Nb6 g4 28. hxg4 Nxg4 29. Bxg4 hxg4 30. Bf4 Nh5 31. Bd2 g3 32. Bc3 gxf2+ 33. Kxf2 Bh4+ 34. Kg1 Bg3 35. Re3 Qh4 36. Rxg3+ Nxg3 37. e5 dxe5 38. d6 Rbd8 39. d7 Re6 40. Be1 Qh1+ 41. Kf2 Qh4 42. Kg1 Qh1+ 43. Kf2 Qf1+ 44. Kxg3 Rg6+ 45. Kh2 Kg7 46. Bh4 Qf4+ 47. g3 Qd4 48. Rd1 Qb4 49. Bxd8 Rh6+ 50. Bh4 Rxh4+ 51. gxh4 Qf4+ 52. Kh1 Kh8 53. d8=Q+ Kg7 54. Qg2+ Kh7 55. Qdg8+ 1-0

[Event "Open Mancomunitat de la Ribera Alta (Sumacàrcer)"]
[Site "Sumacàrcer, Spain"]
[Date "2018.11.18"]
[Round "7.3"]
[White "Garcia Vasquez, Jhoel"]
[Black "Granero Roca, Antonio"]
[Result "0-1"]
[TimeControl "5m+3s"]
[WhiteElo "2298"]
[BlackElo "2372"]

1. d4 Nf6 2. Nf3 g6 3. c4 Bg7 4. Nc3 O-O 5. e4 d6 6. Be2 Bg4 7. O-O Nfd7 8. h3 Bxf3 9. Bxf3 c5 10. d5 Na6 11. Be2 Nc7 12.
f4 a6 13. a4 Rb8 14. Kh1 e6 15. dxe6 Nxe6 16. Qxd6 Nd4 17. e5 Re8 18. a5 Nf8 19. Qxd8 Rbxd8 20. Bd1 Nf5 21.
Kh2 f6 22. Ba4 Re6 23. Ne4 fxe5 24. Nxc5 Re7 25. Bc2 Rc7 26. b4 Nd4 27. Bd1 Nfe6 28. Nxe6 Nxe6 29. c5 exf4 30.
Bb3 Bxa1 31. Bxf4 Kg7 32. Bxe6 Re7 33. Bg5 Be5+ 34. Kh1 Rxe6 35. Bxd8 Bc3 36. b5 axb5 37. Rb1 b4 38. Bb6 Kf7 39. Kg1 Ke8 40. Rd1 b3 41. Rb1 b2 42. Kf2 Kd7 43. Rd1+ Kc6 44. g4 Re1 0-1

[Event "Open Mancomunitat de la Ribera Alta (Sumacàrcer)"]
[Site "Sumacàrcer, Spain"]
[Date "2018.11.18"]
[Round "7.4"]
[White "Plaskett, H James"]
[Black "Montalban Galvez, Antoni"]
[Result "1-0"]
[TimeControl "5m+3s"]
[WhiteElo "2490"]
[BlackElo "2172"]

1. d4 Nf6 2. Nf3 g6 3. Bf4 Bg7 4. e3 O-O 5. Be2 d6 6. O-O Nh5 7. Bg5 h6 8. Bh4 g5 9. Nfd2 gxh4 10. Bxh5 h3 11. g3 c5 12. c3 Qc7 13. Na3 a6 14.
Bg4 b5 15. Nc2 Nc6 16. Rc1 Rd8 17. Re1 Bd7 18. Qf3 Qc8 19. Bxd7 Qxd7 20. Rcd1 Rac8 21. Ne4 cxd4 22. exd4 Rf8 23. Qh5 Rc7 24. f4 Qc8 25.
Ne3 b4 26. Nf5 e6 27. Nxh6+ Bxh6 28. Qxh6 f5 29. Ng5 {Bandera} 1-0

[Event "Open Mancomunitat de la Ribera Alta (Sumacàrcer)"]
[Site "Sumacàrcer, Spain"]
[Date "2018.11.18"]
[Round "7.5"]
[White "Ibanez Aullana, Ramon"]
[Black "Galvan, Jesus"]
[Result "1-0"]
[TimeControl "5m+3s"]
[WhiteElo "2282"]
[BlackElo "2254"]

1. Nf3 d5 2. d4 c6 3. Bf4 Qb6 4. b3 Bf5 5. e3 e6 6. Be2 Nf6 7. O-O h6 8. c4 Be7 9.
Nc3 O-O 10. Na4 Qd8 11. Nc5 b6 12. Nd3 Nbd7 13. Nde5 Nxe5 14. Nxe5 Ba3 15. Bd3 Bxd3 16. Qxd3 Rc8 17. Rab1 Qe7 18. f3 Rfd8 19. Bg3 c5 20. Bf2 Nd7 21. Nxd7 Rxd7 22.
cxd5 Rxd5 23. Qa6 cxd4 24. Qxc8+ Rd8 25. Qc4 d3 26. Rfd1 Qd6 27. b4 a5 28.
Rb3 d2 29. Rxa3 b5 30. Qc5 Qd7 31. bxa5 Rc8 32. Rd3 Qxd3 33. Qxc8+ Kh7 34. a6 Qe2 35. Qc2+ 1-0

[Event "Open Mancomunitat de la Ribera Alta (Sumacàrcer)"]
[Site "Sumacàrcer, Spain"]
[Date "2018.11.18"]
[Round "7.6"]
[White "Campos Gambuti, Luis Maria"]
[Black "Roca Cruz, Rafael"]
[Result "1-0"]
[TimeControl "5m+3s"]
[WhiteElo "2432"]
[BlackElo "1941"]

1. d4 b5 2. e4 Bb7 3. Bd3 Nf6 4. Qe2 e6 5. Nd2 a6 6. Ngf3 Be7 7. O-O O-O 8.
a4 b4 9.
e5 Ne8 10. a5 c5 11. Be4 d5 12. exd6 Nxd6 13. dxc5 Nxe4 14. Nxe4 Qd5 15. Re1 Nd7 16.
Bg5 Bxg5 17. Nexg5 Qxc5 18. Ne4 Qh5 19. Ng3 Bxf3 20. Nxh5 Bxe2 21. Rxe2 Rac8 22. Re4 Rxc2 23. Rxb4 Rfc8 24. g3 e5 25. Rd1 Nc5 26. Rd5 g6 27. Nf6+ Kg7 28. Nd7 Nxd7 29. Rxd7 R8c6 30. Rdb7 Rf6 31. f4 exf4 32. Rxf4 Rxf4 33. gxf4 Rc6 34. Rb6 Re6 {Bandera} 1-0

[Event "Open Mancomunitat de la Ribera Alta (Sumacàrcer)"]
[Site "Sumacàrcer, Spain"]
[Date "2018.11.18"]
[Round "7.7"]
[White "Cortes Marti, Javier"]
[Black "Cruz Lledo, Pablo"]
[Result "0-1"]
[TimeControl "5m+3s"]
[WhiteElo "2027"]
[BlackElo "2335"]

1. d4 d5 2. c4 e6 3. Nc3 Bb4 4. e3 Nf6 5. Nf3 O-O 6.
Bd3 b6 7. cxd5 exd5 8. O-O Bg4 9. a3 Bd6 10. h3 Bh5 11. b4 a5 12. bxa5 Rxa5 13. Bb2 Re8 14. Nb5 Ne4 15. Nxd6 Qxd6 16. Be2 Nd7 17. Nd2 Bxe2 18. Qxe2 Ndf6 19. Rfc1 Re6 20. Nf3 c5 21. dxc5 bxc5 22. a4 h6 23.
Qe1 Ra6 24. a5 Re8 25. Ra4 Rea8 26. Bc3 Nxc3 27.
Qxc3 Ne4 28. Qa3 Qc7 29. Ra1 c4 30. Nd4 Nc5 31. Nb5 Qc6 32. Qb4 Nxa4 33. Rxa4 Rb8 0-1

[Event "Open Mancomunitat de la Ribera Alta (Sumacàrcer)"]
[Site "Sumacàrcer, Spain"]
[Date "2018.11.18"]
[Round "8.1"]
[White "Granero Roca, Antonio"]
[Black "Toledano Llinares, Juan A."]
[Result "1-0"]
[TimeControl "5m+3s"]
[WhiteElo "2372"]
[BlackElo "2258"]

1. d4 d6 2. c4 e5 3. Nc3 exd4 4.
Qxd4 Nc6 5. Qd2 g6 6. g3 Bg7 7. Bg2 Nf6 8. Nh3 O-O 9.
Nf4 Re8 10. O-O Ne5 11. b3 c6 12. Bb2 Qc7 13. Rad1 Rd8 14.
h3 Be6 15. Nxe6 fxe6 16. f4 Nf7 17. e4 e5 18. h4 Ng4 19. Bh3 Qb6+ 20. Kh1 Ne3 21. Na4 Nxf1 22. Rxf1 Qc7 23. f5 Bh6 24. Qe2 Kg7 25. Qg4 Rf8 26. c5 g5 27. cxd6 Qxd6 28. Rd1 Qe7 29. Rd7 Qf6 30. Nc5 Kh8 31. Ne6 Rfd8 32. Rxf7 Qxf7 33. Bxe5+ Kg8 34. hxg5 Bf8 35. g6 hxg6 36. fxg6 Qd7 37. Qf5 Qd1+ 38.
Kh2 {Bandera} 1-0

[Event "Open Mancomunitat de la Ribera Alta (Sumacàrcer)"]
[Site "Sumacàrcer, Spain"]
[Date "2018.11.18"]
[Round "8.2"]
[White "Serarols Mabras, Bernat"]
[Black "Torres Sanchez, Jose"]
[Result "1-0"]
[TimeControl "5m+3s"]
[WhiteElo "2191"]
[BlackElo "2183"]

1. d4 d6 2. Nf3 Nf6 3. c4 g6 4. Nc3 Bf5 5. Nh4 Bd7 6. g3 Bg7 7.
Bg2 Nc6 8. O-O O-O 9. Nf3 e5 10. dxe5 dxe5 11. Bg5 h6 12. Bxf6 Bxf6 13. Nd2 Bg7 14. Nde4 b6 15. Nd2 Rc8 16. e3 f5 17. Bd5+ Kh7 18. Bf3 e4 19. Be2 Ne5 20. Qc2 h5 21. Rad1 c6 22. Kg2 Qe7 23. a3 Be6 24. b4 Rcd8 25. Na4 Rd7 26. Nb3 Rfd8 27. Rxd7 Rxd7 28. Nd4 Bf7 29. c5 b5 30.
Nc3 Nd3 31. Nxc6 Qe6 32. Nd4 Bxd4 33.
exd4 Rxd4 34. Nxb5 Rc4 35. Qb3 Qd7 36. Nd6 Nc1 37. Rxc1 Rxc1 38. Qxf7+ Qxf7 39. Nxf7 1-0

[Event "Open Mancomunitat de la Ribera Alta (Sumacàrcer)"]
[Site "Sumacàrcer, Spain"]
[Date "2018.11.18"]
[Round "8.3"]
[White "Plaskett, H James"]
[Black "Ibanez Aullana, Ramon"]
[Result "0-1"]
[TimeControl "5m+3s"]
[WhiteElo "2490"]
[BlackElo "2282"]

1. e4 e6 2. d4 d5 3. Nd2 Nf6 4.
Bd3 c5 5. e5 Nfd7 6. c3 Be7 7.
Ngf3 b6 8. O-O Ba6 9. Bxa6 Nxa6 10. Re1 O-O 11. Nf1 cxd4 12. cxd4 Rc8 13. a3 Nab8 14. Ng3 Qc7 15. Re2 Qc4 16. h4 a5 17. Bg5 Bxg5 18. hxg5 a4 19. Nh5 Nc6 20. Qd2 Kh8 21. Kh2 Na5 22.
Rae1 Nb8 23. Kg3 Nb3 24. Qe3 Nc6 25. Rd1 Ne7 26. Kf4 Ng6+ 27. Kg4 Qc7 28. Rh1 Ne7 29. Ng3 Kg8 30. Qd3 Ng6 31. Qd1 Qc1 32.
Qd3 Qc4 33. Qe3 Nc1 34. Ree1 Nd3 35. Reg1 Ndf4 36. Rh2 Qb3 37. Qxb3 axb3 {Bandera} 0-1